 Dungeon Crawl Stone Soup version 0.23-a0-629-gae4348f (webtiles) character file.

589 Leeroy the Carver (level 7, -1/51 HPs)
             Began as a Barachi Skald on Dec 26, 2018.
             Slain by an orc priest
             ... wielding a +0 war axe
              (2 damage)
             ... on level 4 of the Dungeon.
             The game lasted 00:14:49 (4747 turns).

Leeroy the Carver (Barachi Skald)                   Turns: 4747, Time: 00:14:49

Health: -1/51      AC:  3    Str: 11 (12) XL:     7   Next: 38%
Magic:  2/10       EV: 12    Int: 15 (16) God:
Gold:   256        SH:  0    Dex:  9 (11) Spells: 3/10 levels left

rFire    . . .     SeeInvis .   a - +1 falchion
rCold    . . .     Gourm    .   (no shield)
rNeg     . . .     Faith    .   b - +0 leather armour
rPois    .         Spirit   .   (no helmet)
rElec    .         Reflect  .   (no cloak)
rCorr    .         Harm     .   (no gloves)
MR       .....                  (no boots)
Stlth    +.........             (no amulet)
HPRegen  0.17/turn              (no ring)
MPRegen  0.12/turn              (no ring)

@: very slightly contaminated, hasted, quick
A: +LOS, swims, slowness 1, strong legs 1
a: Hop


You were on level 4 of the Dungeon.
You were very hungry.

You visited 1 branch of the dungeon, and saw 5 of its levels.

You collected 256 gold pieces.

Inventory:

Hand Weapons
 a - a +1 falchion (weapon)
 f - a +0 dagger
 g - a +0 short sword
 k - a +0 dagger
 t - a +0 war axe of freezing
 w - a +0 spear
 x - a +0 rapier
 z - a +0 hunting sling
 A - a +0 blowgun
 C - a +0 hand axe
 I - a +0 short sword
 K - a +1 spear of flaming
 N - a +0 war axe
 Q - a +0 dagger of flaming
 R - a +0 arbalest
Missiles
 h - 148 stones (quivered)
 i - 15 bolts
 n - 22 sling bullets
 u - 77 arrows
 J - 19 poisoned needles
Armour
 b - a +0 leather armour (worn)
 j - a +0 chain mail
 r - a +0 ring mail
 D - a +0 scale mail
 H - a +1 ring mail of fire resistance
Jewellery
 c - an uncursed ring of protection from cold
 F - an uncursed ring of protection from magic {unknown}
Wands
 E - a wand of flame (23)
 L - a wand of clouds (7)
 M - a wand of digging (7)
Scrolls
 e - a scroll of amnesia
 o - 2 scrolls of magic mapping {unknown}
 q - 2 scrolls of identify
 y - 2 scrolls of immolation
 B - a scroll of enchant armour {unknown}
 G - 2 scrolls of fear {unknown}
 O - 2 scrolls of remove curse {unknown}
Potions
 l - 3 potions of degeneration
 m - a potion of brilliance {unknown}
 p - a potion of berserk rage {unknown}
 v - 2 potions of cancellation
 P - a potion of flight {unknown}
Comestibles
 d - 11 rations


   Skills:
 - Level 2.4 Fighting
 + Level 9.2 Long Blades
 - Level 1.2 Armour
 - Level 2.2 Dodging
 - Level 2.1 Spellcasting
 * Level 1.7 Hexes
 - Level 3.4 Charms
 - Level 0.1 Necromancy


You had 3 spell levels left.
You knew the following spells:

 Your Spells              Type           Power        Failure   Level  Hunger
a - Infusion              Chrm           ##..         7%          1    #......
b - Spectral Weapon       Hex/Chrm       #.......     30%         3    ###....
c - Regeneration          Chrm/Necr      #.........   38%         3    ###....

Your spell library contained the following spells:

 Spells                   Type           Power        Failure   Level  Hunger
 Song of Slaying          Chrm           ##......     11%         2    ###....
 Shroud of Golubria       Chrm/Tloc      #.........   22%         2    ###....
 Summon Small Mammal      Summ           #...         28%         1    #......
 Call Imp                 Summ           #.......     41%         2    ###....
 Summon Guardian Golem    Hex/Summ       #.......     52%         3    ###....
 Call Canine Familiar     Summ           #.......     65%         3    ###....
 Summon Ice Beast         Ice/Summ       #.......     96%         4    #####..
 Summon Lightning Spire   Summ/Air       #.......     96%         4    #####..


Dungeon Overview and Level Annotations

Branches:
Dungeon (5/15)
 Temple: D:4-7

Altars:
Dithmenos
Elyvilon
Gozag
Makhleb
Ru
Wu Jian
The Shining One


Innate Abilities, Weirdness & Mutations

Shadows flee at your approach. (+LOS)
You can swim through water.
You cover ground slowly.
You can hop short distances.


Message History

The ogre closely misses your spectral weapon.
The orc priest hits you with a +0 war axe.
* * * LOW HITPOINT WARNING * * *
The orc priest hits your spectral weapon with a +0 war axe.
Unknown command.
You hit the orc priest.
The orc priest is severely wounded.
Your spectral weapon hits the orc priest.
The orc completely misses you.
It was a potion of haste.
You feel yourself speed up. The orc priest barely misses you.
The orc priest hits your spectral weapon with a +0 war axe.
Your spectral weapon shares its damage with you!
* * * LOW HITPOINT WARNING * * *
The ogre misses your spectral weapon. The orc barely misses you.
You hit the orc priest but do no damage.
The orc priest is almost dead.
Your spectral weapon hits the orc priest but does no damage.
The orc priest hits you with a +0 war axe.
You die...

#...............####..........
...^..............#
#.†..o..o..
..#..............##
#...o...o.. ..
##.............# #$......... .
#.............# #>oo.......
#.............## #..........
#..............##...........
#...........................
..........@o...............
?........(oo..............
.........O................
...................%....##
...#####..........(...### ..
###......... # ........
........ ........


You could see an ogre, 2 orc priests, an orc and a friendly spectral +1
falchion.

Vanquished Creatures
  An ogre (D:5)
  Blork the orc (D:4)
  A water moccasin skeleton (D:4)
  3 hounds (D:4)
  An orc wizard (D:3)
  A bullfrog skeleton (D:5)
  An iguana (D:5)
  6 gnolls
  6 adders
  4 worms
  4 dart slugs (D:1)
  3 leopard geckos
  5 orcs
  6 giant cockroaches
  10 goblins
  10 hobgoblins
  5 jackals (D:2)
  2 quokkas
  2 ball pythons
  A ball python skeleton (D:4)
  6 bats
  7 frilled lizards
  9 kobolds
  A quokka skeleton (D:4)
  4 rats
100 creatures vanquished.

Vanquished Creatures (others)
  A spectral weapon (D:4)
  4 toadstools (D:1)
5 creatures vanquished.

Grand Total: 105 creatures vanquished

Notes
Turn   | Place    | Note
-------+----------+-------------------------------------------
     0 | D:1      | Leeroy the Barachi Skald began the quest for the Orb.
     0 | D:1      | Reached XP level 1. HP: 17/17 MP: 3/3
    63 | D:1      | Reached skill level 3 in Long Blades
    63 | D:1      | Reached XP level 2. HP: 14/23 MP: 5/5
   128 | D:1      | You fall through a shaft!
   218 | D:1      | Reached XP level 3. HP: 23/28 MP: 6/6
   223 | D:1      | Learned a level 3 spell: Spectral Weapon
   262 | D:1      | Reached skill level 4 in Long Blades
  1049 | D:2      | Reached XP level 4. HP: 18/34 MP: 3/7
  1052 | D:2      | Reached skill level 5 in Long Blades
  1170 | D:2      | Found a sacrificial altar of Ru.
  1269 | D:2      | Found a glowing golden altar of the Shining One.
  1731 | D:2      | Reached XP level 5. HP: 29/39 MP: 4/8
  2069 | D:2      | Found a burning altar of Makhleb.
  2110 | D:2      | Became a worshipper of Ru the Awakened
  2113 | D:2      | Fell from the grace of Ru
  2116 | D:2      | Became a worshipper of Ru the Awakened
  2118 | D:2      | Fell from the grace of Ru
  2194 | D:3      | Reached skill level 6 in Long Blades
  2521 | D:3      | Learned a level 3 spell: Regeneration
  2531 | D:3      | Found a white marble altar of Elyvilon.
  2679 | D:3      | Found an ornate altar of the Wu Jian Council.
  3132 | D:4      | Found an opulent altar of Gozag.
  3170 | D:4      | Reached skill level 7 in Long Blades
  3182 | D:4      | Reached XP level 6. HP: 21/46 MP: 1/9
  3349 | D:5      | Entered Level 5 of the Dungeon
  3751 | D:5      | Reached skill level 8 in Long Blades
  4224 | D:5      | Reached skill level 1 in Hexes
  4224 | D:5      | Reached XP level 7. HP: 47/51 MP: 10/10
  4291 | D:4      | Found a shadowy altar of Dithmenos.
  4382 | D:4      | Noticed Blork the orc
  4406 | D:4      | Killed Blork the orc
  4406 | D:4      | Reached skill level 9 in Long Blades
  4744 | D:4      | HP: 2/51 [orc priest/+0 war axe (2)]
  4747 | D:4      | Slain by an orc priest

Vault maps used:
D:1:      ldierk_water_garden
D:2:      nicolae_overflow_crystal_walls, lightli_temple_of_fire,
          nicolae_ru_sacrificial_ziggurat
D:3:      old_standard_altar, elyvilon_altar_3, uniq_terence
D:4:      nicolae_dithmenos_the_darkroom, grunt_gozag_statues,
          uniq_blork_the_orc
D:5:      first_ration, uniq_ijyb

Skill      XL: |  1  2  3  4  5  6  7 |
---------------+----------------------+-----
Long Blades    | 3 4 5 7 8 9 |  9.2
Hexes          | 1 |  1.7
Fighting       | |  2.4
Armour         | |  1.2
Dodging        | |  2.2
Spellcasting   | |  2.1
Charms         | |  3.4
Necromancy     | |  0.1

Action                   |  1- 3 |  4- 6 |  7- 9 || total
-------------------------+-------+-------+-------++-------
Melee: Falchion          |   111 |   206 |    48 ||   365
Throw: Stone             |       |       |     1 ||     1
 Cast: Spectral Weapon   |     1 |     4 |     1 ||     6
       Infusion          |       |     3 |       ||     3
       Regeneration      |       |     2 |     1 ||     3
Invok: Renounce Religion |       |     2 |       ||     2
 Abil: Hop               |       |     2 |     1 ||     3
  Use: Scroll            |       |     6 |       ||     6
       Potion            |       |     3 |     3 ||     6
 Stab: Distracted        |       |     3 |       ||     3
  Eat: Chunk             |     1 |     5 |     2 ||     8
       Ration            |       |     2 |       ||     2
Armor: Leather armour    |    36 |    50 |     7 ||    93
Dodge: Dodged            |    90 |   125 |    31 ||   246
       Rpst.: Falchion   |    27 |    41 |    10 ||    78

Table legend:
 A = Non-vault XP
 B = Vault XP
 C = Vault XP percentage of total XP
 D = Non-vault monster count
 E = Vault monster count
 F = Vault count percentage of total count
                 A         B        C        D         E       F
            +---------+---------+-------+---------+---------+-------
      Total |     751 |      91 |  10.8 |      99 |       1 |   1.0
            +---------+---------+-------+---------+---------+-------
        D:1 |      52 |       0 |   0.0 |      28 |       0 |   0.0
        D:2 |     125 |       0 |   0.0 |      30 |       0 |   0.0
        D:3 |      94 |       0 |   0.0 |      21 |       0 |   0.0
        D:4 |     254 |      91 |  26.4 |      12 |       1 |   7.7
        D:5 |     226 |       0 |   0.0 |       8 |       0 |   0.0
            +---------+---------+-------+---------+---------+-------
